 Dungeon Crawl Stone Soup version 0.30.0-19-g36f170ea60 (webtiles) character file.

Game seed: 9365749446812791551

137 tizbic2 the Stinger (level 5, 0/37 HPs)
             Began as a Formicid Venom Mage on May 29, 2023.
             Slain by a cerulean imp
             ... wielding a +1 spear
             ... summoned by Natasha
              (2 damage)
             ... on level 3 of the Dungeon.
             The game lasted 00:10:18 (2248 turns).

tizbic2 the Stinger (Formicid Venom Mage)           Turns: 2248, Time: 00:10:18

Health: 0/37       AC:  4    Str: 13    XL:     5   Next: 44%
Magic:  9/9        EV: 11    Int: 13    God:
Gold:   156        SH:  0    Dex: 14    Spells: 7/10 levels left

rFire   . . .        w - +1 mace (pain)
rCold   . . .        (no shield)
rNeg    . . .        h - +0 leather armour
rPois   .            (helmet unavailable)
rElec   .            (no cloak)
rCorr   .            (no gloves)
SInv    +            j - +0 pair of boots
Will    .....        m - amulet of the Cuttlefish {Acrobat Regen+ Int-3 SInv}
Stlth   ++           (no ring)
HPRegen 1.06/turn    (no ring)
MPRegen 0.11/turn

%: acrobat
@: no status effects
A: permanent stasis, dig shafts and tunnels, antennae 3, four strong arms
a: Dig, Shaft Self


You were on level 3 of the Dungeon.
You visited 1 branch of the dungeon, and saw 3 of its levels.

You collected 156 gold pieces.

Inventory:

Hand Weapons
 a - a +0 war axe
 w - a +1 mace of pain (weapon)
Missiles
 k - 15 poisoned darts
Armour
 g - a +0 robe
 h - a +0 leather armour (worn)
 j - a +0 pair of boots (worn)
Jewellery
 i - a ring of magical power
 m - the amulet of the Cuttlefish (around neck) {Acrobat Regen+ Int-3 SInv}
   (You found it on level 2 of the Dungeon)

   [amulet of the acrobat]

   It increases your evasion while moving and waiting.
   Int:       It affects your intelligence (-3).
   SInv:      It lets you see invisible.
   Regen:     It increases your rate of health regeneration.
Scrolls
 c - 2 scrolls of immolation
 d - a scroll of magic mapping
Potions
 b - a potion of magic
 e - a potion of curing
 f - a potion of degeneration {unknown}
 n - a potion of brilliance
 o - a potion of cancellation


   Skills:
 + Level 1.6 Fighting
 * Level 0.8(1.5) Maces & Flails
 - Level 2.0(2.1) Staves
 + Level 1.6 Armour
 - Level 1.7 Dodging
 - Level 2.4 Stealth
 * Level 3.2 Spellcasting
 * Level 0.4 Necromancy
 - Level 1.1 Transmutations
 + Level 4.6 Poison Magic


You had 7 spell levels left.
You knew the following spells:

 Your Spells              Type           Power      Damage    Failure   Level
a - Sting                 Tmut/Pois      36%        1d4       9%          1
b - Poisonous Vapours     Pois/Air       16%        N/A       17%         2

Your spell library contained the following spells:

 Spells                   Type           Power      Damage    Failure   Level
 Olgreb's Toxic Radiance  Pois           14%        N/A       38%         4
 Lesser Beckoning         Tloc           4%         N/A       41%         2
 Mephitic Cloud           Conj/Pois/Air  6%         N/A       41%         3
 Gell's Gravitas          Tloc           2%         N/A       65%         3
 Teleport Other           Tloc           2%         N/A       65%         3


Dungeon Overview and Level Annotations

Branches:
Dungeon (3/15)

Altars:

Annotations:
D:3 Natasha


Innate Abilities, Weirdness & Mutations

You cannot be hasted, slowed, berserked, paralysed or teleported.
You can dig through walls and to a lower floor.
You have a pair of large antennae on your head. (SInv)
Your four strong arms can wield two-handed weapons with a shield.


Message History

You feel disoriented. Natasha claws you.
The cerulean imp completely misses you. Natasha claws you.
You closely miss Natasha.
Natasha is moderately wounded.
The cerulean imp hits you from afar with a +1 spear.
Natasha stares at you and mumbles some strange words.
The magic dart hits you!
You closely miss Natasha.
Natasha is moderately wounded.
The cerulean imp hits you from afar with a +1 spear.
Natasha mumbles some strange words.
Natasha shimmers violently.
Natasha claws you.
The cerulean imp hits you from afar with a +1 spear.
You hit Natasha.
Natasha is moderately wounded.
Natasha claws you!
* * * LOW HITPOINT WARNING * * *
The cerulean imp closely misses you.
Natasha stares at you and mumbles some strange words.
You resist with some effort.
You closely miss Natasha.
Natasha is moderately wounded.
The cerulean imp hits you but does no damage.
Natasha claws you.
* * * LOW HITPOINT WARNING * * *
Unknown command.
You closely miss Natasha.
Natasha is moderately wounded.
The cerulean imp hits you from afar with a +1 spear.
* * * LOW HITPOINT WARNING * * *
Natasha mumbles some strange words.
The cerulean imp closely misses you.
Unknown command.
You closely miss Natasha.
Natasha is moderately wounded.
Natasha claws you.
* * * LOW HITPOINT WARNING * * *
The cerulean imp hits you from afar with a +1 spear.
You die...

######### #### #.......#
.....#.......# #####
....55.......#######....
......h@...........'....
....################....
. #.... #.... #.... {
#.... ##### {


You could see Natasha and 2 cerulean imps.

Vanquished Creatures
  Robin (D:3)
  A gnoll (D:1)
  3 adders
  A worm (D:2)
  4 dart slugs
  5 endoplasms
  A giant cockroach (D:2)
  18 goblins
  11 hobgoblins
  3 jackals (D:2)
  2 quokkas
  6 ball pythons
  5 bats
  A frilled lizard (D:3)
  5 kobolds
  4 rats
71 creatures vanquished.

Notes
Turn   | Place    | Note
-------+----------+-------------------------------------------
     0 | D:1      | tizbic2 the Formicid Venom Mage began the quest for the
                  | Orb.
     0 | D:1      | Reached XP level 1. HP: 13/13 MP: 3/3
   143 | D:1      | Reached XP level 2. HP: 13/20 MP: 0/5
   344 | D:1      | Reached skill level 1 in Staves
   384 | D:1      | Reached XP level 3. HP: 18/25 MP: 1/6
   483 | D:1      | Found a faded altar of an unknown god.
   751 | D:1      | Reached skill level 1 in Fighting
   789 | D:1      | Reached skill level 1 in Armour
  1132 | D:2      | Reached XP level 4. HP: 32/32 MP: 6/8
  1269 | D:2      | Learned a level 2 spell: Poisonous Vapours
  1655 | D:2      | Identified the amulet of the Cuttlefish {Acrobat Regen+
                  | Int-3 SInv}
  1898 | D:3      | Reached XP level 5. HP: 20/37 MP: 9/9
  2163 | D:3      | Noticed Robin
  2184 | D:3      | Killed Robin
  2236 | D:3      | Noticed Natasha
  2248 | D:3      | Slain by a cerulean imp

Illustrated notes

Levels and vault maps discovered:
D:1:      wander_arrival_estate, layout_basic,
          shapermc_ecumenical_altar_flowoftime, chequers_serial_rivers_large_a,
          ebering_dispersal_statue_hall
D:2:      layout_loops_ring
D:3:      layout_basic, nicolae_elevator_lobby_asterisk, uniq_robin,
          uniq_natasha

Skill      XL: |  1  2  3  4 |
---------------+-------------+-----
Staves         | 1 2 |  2.0
Fighting       | 1 |  1.6
Armour         | 1 |  1.6
Spellcasting   | 3 |  3.2
Maces & Flails | |  0.8
Dodging        | |  1.7
Stealth        | |  2.4
Necromancy     | |  0.4
Transmutations | |  1.1
Poison Magic   | |  4.6

Action                     |  1- 3 |  4- 6 || total
---------------------------+-------+-------++-------
  Melee: Unarmed           |     7 |       ||     7
         War axe           |    60 |    76 ||   136
         Mace              |       |    95 ||    95
         Punch             |       |     1 ||     1
   Cast: Sting             |    22 |     9 ||    31
         Poisonous Vapours |       |     2 ||     2
Ability: Dig               |       |     1 ||     1
    Use: Scroll            |     6 |     3 ||     9
   Stab: Sleeping          |       |     5 ||     5
 Armour: Robe              |     6 |       ||     6
         Leather armour    |     5 |    62 ||    67
  Dodge: Dodged            |    29 |   137 ||   166
